Map: Traitor's Exile

Players

jaKaczuszka

  • Race: Zerg Zerg
  • League: Diamond
  • Spawn Location: 12:00

wielgibolo

  • Race: Zerg Zerg
  • League: Gold
  • Spawn Location: 9:00

BizMac - Winner!

  • Race: Terran Terran
  • Spawn Location: 5:00

ILIEKEGGPIE - Winner!

  • Race: Protoss Protoss
  • League: Platinum
  • Spawn Location: 6:00

VOD

Have the link to the VOD?

Description

Time

  • Played on: June 7, 2018, 4:48 p.m.
  • Length: 10:29
Show
View Real Time Build Order
Export as new Build Order

jaKaczuszka Zerg 

Build Orders: Hatch First 

Get SALT Encoding   

  12  0:01  Drone  
  13  0:16  Overlord  
  13  0:20  Drone  
  14  0:39  Drone x3  
  17  0:50  Drone  
  18  1:01  Drone  
  18  1:02  Hatchery  
  18  1:03  Extractor  
  17  1:13  Drone  
  18  1:22  Spawning Pool  
  18  1:23  Drone  
  18  1:33  Drone  
  19  1:46  Overlord  
  19  2:14  Queen x2  
  24  2:15  Zergling x4  
  24  2:16  Zergling x4  
  27  2:26  Metabolic Boost  
  26  2:40  Drone x4  
  30  2:48  Drone  
  31  2:56  Drone  
  32  3:05  Hatchery, Drone x2  
  34  3:10  Drone x2  
  34  3:27  Drone x2  
  36  3:45  Spore Crawler  
  36  3:48  Spore Crawler  
  34  3:56  Overlord x3  
  34  4:01  Roach Warren, Extractor  
  30  4:14  Zergling x6  
  30  4:16  Zergling x6  
  30  4:17  Zergling x8  
  38  4:20  Overlord  
  38  4:26  Drone  
  39  4:39  Drone x7  
  39  4:43  Lair  
  46  4:46  Drone  
  46  4:47  Drone  
  47  5:01  Baneling Nest  
  43  5:19  Zergling x26  
  50  5:34  Overlord x3  
  50  5:46  Hydralisk Den  
  50  5:48  Burrow  
  48  5:50  Spore Crawler  
  35  6:05  Baneling  
  35  6:09  Overlord  
  35  6:10  Extractor  
  34  6:14  Roach  
  34  6:15  Roach x8  
  52  6:38  Hydralisk x2  
  56  6:42  Grooved Spines  
  56  6:47  Drone x3  
  56  6:52  Drone x2  
  56  6:53  Drone  
  62  6:59  Drone x3  
  65  7:02  Drone  
  66  7:09  Drone x3  
  67  7:15  Extractor  
  61  7:31  Roach x7  
  75  7:40  Drone x3  
  68  7:46  Roach  
  55  8:00  Hatchery  
  55  8:02  Roach  
  34  8:22  Queen  
  34  8:26  Hydralisk x3  
  37  8:32  Roach  
  37  8:33  Roach x4  
  46  8:41  Drone  
  46  8:42  Drone x2  
  48  8:49  Drone  
  47  9:04  Hydralisk x3  
  51  9:13  Ravager x3  
  51  9:16  Drone x2  
  56  9:26  Drone x4  
  60  9:32  Drone  
  60  9:35  Queen  
  63  9:49  Hydralisk x3  
  69  9:57  Extractor  
  64  10:02  Extractor  
Show
View Real Time Build Order
Export as new Build Order

wielgibolo Zerg 

Build Orders: Pool First 

Get SALT Encoding   

  12  0:21  Spawning Pool  
  12  0:24  Drone  
  12  0:28  Drone  
  13  0:32  Drone  
  14  0:36  Extractor  
  13  0:45  Overlord  
  13  0:50  Drone  
  14  1:07  Drone  
  14  1:10  Queen  
  17  1:13  Drone  
  18  1:21  Drone  
  19  1:30  Zergling x2  
  20  1:41  Baneling Nest  
  20  1:44  Drone  
  20  1:53  Overlord  
  20  2:03  Zergling x2  
  20  2:06  Lair  
  21  2:15  Zergling x2  
  22  2:25  Zergling x2  
  23  2:34  Zergling x4  
  23  2:35  Zergling x2  
  26  2:54  Drone  
  27  3:04  Hatchery  
  27  3:05  Zergling x2  
  27  3:07  Overlord  
  27  3:20  Extractor, Spire, Zergling x2  
  26  3:29  Zergling x4  
  28  3:46  Zergling x4  
  30  3:54  Drone  
  31  4:05  Spore Crawler  
  31  4:07  Spore Crawler  
  29  4:20  Overlord x2  
  29  4:25  Drone  
  29  4:26  Drone  
  31  4:38  Baneling  
  31  4:39  Baneling x5  
  30  5:10  Zergling x4  
  30  5:11  Zergling x8  
  30  5:28  Zergling x6  
  27  5:41  Queen  
  29  5:53  Overlord  
  29  6:22  Mutalisk x2  
  29  6:23  Mutalisk  
  35  6:45  Overlord  
  35  6:46  Overlord x3  
  35  7:05  Mutalisk  
  35  7:06  Mutalisk  
  35  7:07  Mutalisk  
  26  7:39  Zergling x6  
  26  7:40  Zergling x6  
  32  7:52  Zergling x2  
  32  7:53  Zergling x2  
  32  7:55  Drone  
  35  8:10  Drone x2  
  35  8:11  Drone  
  33  8:45  Mutalisk x3  
  33  8:46  Mutalisk  
  39  8:59  Drone x3  
  42  9:14  Mutalisk x2  
  46  9:20  Zergling x2  
  37  9:59  Mutalisk x2  
  33  10:00  Mutalisk x3  
  33  10:02  Zergling x6  
Show
View Real Time Build Order
Export as new Build Order

BizMac Terran - Winner!

Build Orders: MMM Bio 

Get SALT Encoding   

  12  0:01  SCV  
  13  0:13  SCV  
  14  0:19  Supply Depot  
  14  0:25  SCV  
  15  0:31  Refinery  
  15  0:43  Barracks  
  15  0:47  SCV  
  16  0:59  SCV  
  16  1:03  Supply Depot  
  17  1:11  SCV  
  18  1:23  SCV  
  19  1:30  Reaper  
  20  1:35  Barracks  
  20  1:40  Barracks  
  20  1:53  Orbital Command  
  20  2:05  Factory  
  20  2:07  Marine  
  21  2:15  Refinery  
  21  2:26  SCV  
  22  2:44  SCV  
  22  2:46  Barracks Tech Lab  
  22  2:49  Barracks Reactor, Barracks Tech Lab  
  22  3:16  Stimpack  
  22  3:22  Command Center  
  22  3:26  Marine  
  22  3:27  Marine  
  23  3:28  Combat Shields  
  24  3:43  SCV  
  24  3:48  Marine x2  
  27  3:52  Supply Depot  
  27  3:58  Starport  
  27  3:59  SCV  
  28  4:11  Engineering Bay, SCV  
  28  4:16  Supply Depot  
  29  4:23  SCV  
  30  4:34  Orbital Command  
  30  4:40  Starport Reactor  
  30  4:44  Marauder x2  
  30  4:45  Marine x2  
  36  5:01  Widow Mine  
  36  5:06  Marauder  
  40  5:16  Medivac x2  
  40  5:18  Marine x2  
  40  5:19  Marauder  
  48  5:27  Marauder  
  50  5:32  Orbital Command  
  50  5:37  Marine x2  
  50  5:40  Marauder  
  54  5:49  Marauder  
  56  5:55  Marine  
  57  5:57  Terran Infantry Weapons Level 1  
  57  5:59  Engineering Bay  
  57  6:17  Marauder, Marine x3  
  62  6:28  Supply Depot  
  62  6:31  Supply Depot  
  62  6:34  Missile Turret  
  62  6:49  Marine  
  62  6:50  Medivac x2, SCV  
  68  7:02  SCV  
  50  7:49  Marauder x2, Marine x2  
  55  8:07  Marine x2  
  55  8:10  Marauder  
  55  8:11  Marauder  
  55  8:22  Medivac x2  
  55  8:25  Marine x2  
  60  8:32  Marauder x2  
  58  8:42  Marine  
  58  8:43  Marine  
  58  8:44  Refinery  
  58  8:45  Refinery  
  60  8:51  Medivac  
  60  8:54  SCV  
  63  8:59  Supply Depot  
  63  9:04  Supply Depot  
  63  9:06  SCV  
  64  9:15  Armory  
  64  9:17  Command Center  
  64  9:18  Marauder x2, Marine x2, SCV  
  71  9:32  Barracks  
  71  9:36  Marine x2  
  73  9:39  Marauder x2  
  77  9:53  Marine  
  77  9:54  Marine  
Show
View Real Time Build Order
Export as new Build Order

ILIEKEGGPIE Protoss - Winner!

Build Orders: Phoenix Opening 

Get SALT Encoding   

  12  0:01  Probe  
  13  0:13  Probe  
  14  0:21  Pylon  
  14  0:25  Probe  
  15  0:35  Probe  
  16  0:43  Probe  
  17  0:55  Gateway  
  17  0:59  Gateway  
  17  1:02  Probe  
  18  1:04  Assimilator  
  18  1:15  Assimilator, Probe  
  19  1:18  Pylon  
  19  1:28  Probe  
  20  1:40  Probe  
  20  1:42  Cybernetics Core  
  21  1:52  Probe  
  22  2:04  Probe  
  23  2:16  Adept x2  
  23  2:20  Stargate  
  27  2:32  Warp Gate  
  27  2:38  Stalker  
  29  3:00  Nexus, Probe  
  30  3:08  Pylon  
  30  3:23  Adept  
  30  3:26  Adept  
  30  3:27  Phoenix  
  34  3:50  Adept  
  34  3:53  Pylon  
  36  4:18  Phoenix  
  36  4:19  Probe x2  
  38  4:28  Pylon  
  40  4:31  Probe x2  
  40  4:35  Twilight Council  
  42  4:43  Probe x2  
  44  4:52  Adept  
  44  4:53  Adept  
  44  4:55  Probe  
  43  5:16  Sentry x2  
  42  5:28  Phoenix  
  44  5:41  Charge  
  44  5:46  Phoenix  
  38  6:10  Phoenix  
  38  6:24  Gateway x2  
  38  6:26  Pylon  
  38  6:28  Pylon  
  38  6:34  Pylon  
  38  6:43  Nexus  
  38  6:44  Probe  
  39  7:04  Phoenix  
  41  7:11  Templar Archives  
  41  7:18  Shield Battery  
  41  7:25  Zealot x2  
  41  7:28  Phoenix  
  47  7:51  High Templar  
  49  7:53  Zealot x3  
  49  7:54  Probe  
  49  7:58  Probe  
  57  8:03  Assimilator, Probe  
  57  8:10  Probe  
  59  8:22  Probe  
  59  8:23  Zealot x2, High Templar x2  
  68  8:27  Archon  
  68  8:31  Probe  
  69  8:34  Probe  
  70  8:43  Probe  
  70  8:46  Probe  
  72  8:51  High Templar  
  72  8:52  Zealot  
  76  8:59  Probe  
  76  9:03  Probe  
  76  9:07  Probe  
  78  9:10  Phoenix  
  78  9:12  Assimilator  
  78  9:15  Probe  
  82  9:17  Probe  
  82  9:19  Forge  
  82  9:21  Forge  
  83  9:25  Pylon  
  83  9:27  Probe  
  83  9:29  Probe  
  85  9:39  Probe  
  85  9:43  Probe  
  87  10:06  Probe x2  
  89  10:13  Robotics Facility  
  89  10:17  Archon  
Tags
 
Add a new tag
Caveats
  • Supply blocks, unpowered buildings, or Contaminate may cause inaccurate times.
  • Supply counts are checked every 10 seconds.